 Dungeon Crawl Stone Soup version 0.30-a0-311-gf115ab0292 (webtiles) character file.

Game seed: 4593434370153651673

3343 pokeman the Thaumaturge (level 9, -7/50 HPs)
             Began as a Deep Elf Hedge Wizard on Oct 25, 2022.
             Was a Follower of Vehumet.
             Killed by miscasting Iron Shot (11 damage)
             ... on level 10 of the Dungeon.
             The game lasted 00:18:56 (9698 turns).

pokeman the Thaumaturge (Deep Elf Hedge Wizard)     Turns: 9698, Time: 00:18:57

Health: -7/50      AC: 10    Str: 11    XL:     9   Next: 72%
Magic:  13/27      EV: 12    Int: 31    God:    Vehumet [*.....]
Gold:   459        SH:  0    Dex: 14    Spells: 13/32 levels left

rFire   . . .      SeeInvis .    A - +9 spear "Sarcophage" {vorpal, Str+4 Int+7}
rCold   . . .      Faith    .    (no shield)
rNeg    . . .      Spirit   .    P - +1 leather armour {rPois}
rPois   +          Reflect  .    m - +1 helmet
rElec   .          Harm     .    E - +0 cloak
rCorr   .          Rampage  .    n - +0 pair of gloves
Will    +....                    L - +1 pair of boots
Stlth   ++........               S - amulet of magic regeneration
HPRegen 0.28/turn                f - ring of willpower
MPRegen 0.60/turn                o - ring of wizardry

@: very slightly contaminated
A: no striking features
a: Renounce Religion


You were on level 10 of the Dungeon.
You worshipped Vehumet.
Vehumet was aware of your devotion.
You visited 2 branches of the dungeon, and saw 10 of its levels.
You also visited: Ossuary.

You collected 459 gold pieces.

Inventory:

Hand Weapons
 x - a +1 short sword of venom
 A - the +9 spear "Sarcophage" (weapon) {vorpal, Str+4 Int+7}
   (You took it off a kobold on level 4 of the Dungeon)

   It inflicts extra damage upon your enemies.
   Str:       It affects your strength (+4).
   Int:       It affects your intelligence (+7).
 D - a +4 quarterstaff of chaos
Armour
 l - a scarf of shadows
 m - a +1 helmet (worn)
 n - a +0 pair of gloves (worn)
 E - a +0 cloak (worn)
 L - a +1 pair of boots (worn)
 O - a +2 ring mail of fire resistance
 P - a +1 leather armour of poison resistance (worn)
Magical Staves
 k - a staff of fire
 s - a staff of earth
Jewellery
 f - a ring of willpower (left hand)
 o - a ring of wizardry (right hand)
 p - a ring of fire
 Q - a ring of wizardry
 R - a ring of poison resistance
 S - an amulet of magic regeneration (around neck)
Wands
 r - a wand of quicksilver (6)
 t - a wand of mindburst (18)
 y - a wand of polymorph (7)
 C - a wand of roots (5)
Scrolls
 a - 2 scrolls of teleportation {unknown}
 c - a scroll of silence {unknown}
 g - 15 scrolls of identify {unknown}
 h - 2 scrolls of enchant weapon {unknown}
 u - 2 scrolls of blinking {unknown}
 z - 2 scrolls of summoning {unknown}
 B - 3 scrolls of acquirement {unknown}
 G - a scroll of vulnerability {unknown}
 H - a scroll of noise {unknown}
 I - a scroll of amnesia {unknown}
 J - 2 scrolls of enchant armour {unknown}
 M - 3 scrolls of poison {unknown}
 N - a scroll of butterflies {unknown}
Potions
 b - 2 potions of lignification {unknown}
 d - a potion of magic
 e - 14 potions of curing {unknown}
 i - a potion of invisibility {unknown}
 j - 5 potions of degeneration {unknown}
 q - 4 potions of might {unknown}
 v - 6 potions of brilliance {unknown}
 w - 2 potions of heal wounds {unknown}
 F - a potion of attraction {unknown}
 K - a potion of cancellation {unknown}


   Skills:
 + Level 3.1 Fighting
 - Level 3.0 Armour
 - Level 3.0 Dodging
 - Level 3.0 Stealth
 * Level 12.2 Spellcasting
 + Level 6.8 Conjurations
 - Level 1.1 Summonings
 - Level 1.1 Translocations
 + Level 5.5 Fire Magic
 - Level 1.0 Air Magic
 - Level 1.5 Earth Magic
 - Level 1.1 Poison Magic
 - Level 2.0 Evocations


You had 13 spell levels left.
You knew the following spells:

 Your Spells              Type           Power      Damage    Failure   Level
a - Magic Dart            Conj           100%       1d8       1%          1
b - Mephitic Cloud        Conj/Pois/Air  37%        N/A       1%          3
c - Call Imp              Summ           25%        N/A       1%          2
d - Blink                 Tloc           50%        N/A       1%          2
e - Foxfire               Conj/Fire      100%       2x1d9     1%          1
f - Flame Wave            Conj/Fire      55%        2d13      1%          4
g - Iron Shot             Conj/Erth      22%        9d5       32%         6

Your spell library contained the following spells:

 Spells                   Type           Power      Damage    Failure   Level
 Apportation              Tloc           50%        N/A       1%          1
 Slow                     Hex            72%        N/A       1%          1
 Summon Small Mammal      Summ           100%       N/A       1%          1
 Cigotuvi's Dreadful Rot  Necr/Pois/Air  46%        N/A       1%          2
 Inner Flame              Hex/Fire       35%        N/A       1%          3
 Sticky Flame             Conj/Fire      55%        2d7       1%          4
 Call Canine Familiar     Summ           25%        N/A       2%          3
 Summon Guardian Golem    Hex/Summ       22%        N/A       3%          3
 Ozocubu's Armour         Ice            18%        N/A       4%          3
 Animate Armour           Summ/Erth      54%        N/A       8%          4
 Summon Forest            Summ/Tloc      12%        N/A       24%         5
 Alistair's Intoxication  Tmut/Pois      14%        N/A       28%         5
 Blade Hands              Tmut           9%         N/A       34%         5
 Eringya's Noxious Bog    Tmut/Pois      11%        N/A       82%         6
 Summon Hydra             Summ           12%        N/A       99%         7
 Ozocubu's Refrigeration  Ice            9%         4d9       100%        7


Dungeon Overview and Level Annotations

Branches:
Dungeon (8/15)             Temple (1/1) D:5         Ossuary (visited)
   Lair: D:8-11

Altars:
Ashenzari
Cheibriados
Dithmenos
Elyvilon
Fedhas
Gozag
Hepliaklqana
Makhleb
Nemelex Xobeh
Okawaru
Qazlal
Sif Muna
Trog
Uskayaw
Vehumet
Wu Jian
Xom
Yredelemnul

Shops:
D:4 (


Message History

Confirm with . or Enter, or press ? or * to list all spells.
Aiming: Mephitic Cloud (safe; 1% risk of failure)
Press: ? - help, Shift-Dir - straight line, f - centaur warrior
Aim: a centaur warrior, wielding a +0 shortbow (chance to affect: 53%)
The ball explodes into a vile cloud!
The stinking cloud engulfs the centaur warrior but does no damage.
The centaur warrior is engulfed in noxious fumes.
The centaur warrior appears confused.
Unknown command.
Casting: Mephitic Cloud (safe; 1% risk of failure)
Confirm with . or Enter, or press ? or * to list all spells.
Okay, then.
Casting: Mephitic Cloud (safe; 1% risk of failure)
Confirm with . or Enter, or press ? or * to list all spells.
The spell is extremely dangerous to miscast (32% risk of failure)!
Continue anyway?
Aiming: Iron Shot (extremely dangerous; 32% risk of failure)
Press: ? - help, Shift-Dir - straight line, f/p - centaur warrior
Aim: a centaur warrior, wielding a +0 shortbow (confused, 94% to hit)
The iron shot hits the centaur warrior!!
The centaur warrior is heavily wounded.
The centaur warrior wonders, "What am I doing in here?"
The centaur warrior unwields a +0 shortbow.
The centaur warrior hits you.
* * * LOW HITPOINT WARNING * * *
The centaur warrior kicks you.
* * * LOW HITPOINT WARNING * * *
Casting: Iron Shot (extremely dangerous; 32% risk of failure)
Confirm with . or Enter, or press ? or * to list all spells.
Okay, then.
Unknown command.
Casting: Iron Shot (extremely dangerous; 32% risk of failure)
Confirm with . or Enter, or press ? or * to list all spells.
The spell is extremely dangerous to miscast (32% risk of failure)!
Continue anyway?
Aiming: Iron Shot (extremely dangerous; 32% risk of failure)
Press: ? - help, Shift-Dir - straight line, f/p - centaur warrior
Aim: a centaur warrior (heavily wounded, confused, 94% to hit)
You miscast Iron Shot.
You are very lightly contaminated with residual magic.
You feel a strange surge of energy!
You die...

..#..............##
............#.....#
.......#.#.##.#...#
...#.#........#
...#.#######.##
..............#
..##.........##
........####.#
........# #@#
........# #c#
........####.##
...........☼○.#
.......c#######
........+ ........#
........# .#...####


You could see a centaur warrior (confused).

Vanquished Creatures
  2 hornets
  Grinder (D:4)
  A wyvern (D:7)
  2 water moccasins
  Duvessa (D:5)
  An orc warrior (D:7)
  2 ice beasts
  2 sky beasts
  An ogre (D:4)
  3 centaurs
  A phantom (D:7)
  A bullfrog (D:6)
  A necrophage (D:4)
  2 scorpions
  2 water moccasin zombies (Ossuary)
  Dowan (D:5)
  3 killer bees (D:7)
  An orc priest (D:7)
  3 hounds
  A jelly (D:8)
  Crazy Yiuf (D:4)
  A gnoll bouda (D:4)
  Ijyb (D:3)
  3 iguanas
  2 orc wizards
  2 mummies (Ossuary)
  7 adders
  3 gnolls (D:5)
  2 white imps (D:7)
  3 ufetubi
  3 adder zombies (Ossuary)
  3 worms
  2 dart slugs
  21 orcs
  10 bats
  5 endoplasms
  7 giant cockroaches
  2 gnoll zombies (Ossuary)
  5 goblins
  8 hobgoblins
  13 jackals
  3 quokkas
  11 ball pythons
  4 frilled lizards
  4 hobgoblin zombies (Ossuary)
  9 kobolds
  6 kobold zombies (Ossuary)
  3 orc zombies (Ossuary)
  5 rats
181 creatures vanquished.

Vanquished Creatures (collateral kills)
  The ghost of NinjaNoafa the Sneak, an amateur SpEn of Uskayaw (D:4)
  An ogre (D:4)
  Blork the orc (D:4)
  A white imp (D:5)
  An adder zombie (Ossuary)
  A goblin (D:3)
  A jackal (D:3)
7 creatures vanquished.

Vanquished Creatures (others)
  A killer bee (D:7)
  41 foxfires (D:8)
  3 plants (D:3)
  A withered plant (D:3)
46 creatures vanquished.

Grand Total: 234 creatures vanquished

Notes
Turn   | Place    | Note
-------+----------+-------------------------------------------
     0 | D:1      | pokeman the Deep Elf Hedge Wizard began the quest for the
                  | Orb.
     0 | D:1      | Reached XP level 1. HP: 10/10 MP: 7/7
   328 | D:1      | Reached XP level 2. HP: 15/15 MP: 6/9
  1305 | D:1      | Reached skill level 5 in Spellcasting
  1578 | D:2      | Reached XP level 3. HP: 20/20 MP: 6/11
  1582 | D:2      | Learned a level 3 spell: Mephitic Cloud
  1585 | D:2      | Learned a level 2 spell: Call Imp
  1588 | D:2      | Learned a level 2 spell: Blink
  2124 | D:2      | Reached skill level 1 in Fighting
  2124 | D:2      | Reached skill level 1 in Armour
  2273 | D:2      | Reached XP level 4. HP: 25/25 MP: 7/13
  2654 | D:3      | Found a blossoming altar of Fedhas.
  2736 | D:3      | Noticed Ijyb
  2751 | D:3      | Killed Ijyb
  3193 | D:3      | Found a faded altar of an unknown god.
  3219 | D:3      | Reached skill level 6 in Spellcasting
  3352 | D:3      | Reached XP level 5. HP: 29/29 MP: 11/15
  3640 | D:4      | Noticed Blork the orc
  3662 | D:4      | Noticed an ogre
  3687 | D:4      | Killed Blork the orc
  3688 | D:4      | Reached skill level 1 in Evocations
  3695 | D:4      | Killed an ogre
  3696 | D:4      | Reached skill level 1 in Fire Magic
  3696 | D:4      | Reached XP level 6. HP: 17/34 MP: 4/17
  3815 | D:4      | Reached skill level 7 in Spellcasting
  3827 | D:4      | Found a sand-covered staircase.
  3837 | Ossuary  | Entered an ossuary
  4599 | Ossuary  | Reached skill level 1 in Air Magic
  4745 | D:4      | Noticed NinjaNoafa's ghost (amateur SpEn)
  4746 | D:4      | Found a runed translucent gate.
  4746 | D:4      | Found a runed translucent gate.
  4792 | D:4      | Reached skill level 1 in Poison Magic
  4792 | D:4      | Reached XP level 7. HP: 38/38 MP: 14/20
  4796 | D:4      | Noticed Grinder
  4827 | D:4      | Found a runed translucent gate.
  4843 | D:4      | Killed Grinder
  4844 | D:4      | Reached skill level 8 in Spellcasting
  4844 | D:4      | Reached skill level 1 in Earth Magic
  5207 | D:4      | Identified the +9 spear "Sarcophage" {vorpal, Str+4 Int+7}
  5240 | D:4      | Noticed a hornet
  5262 | D:4      | Killed a hornet
  5263 | D:4      | Reached skill level 9 in Spellcasting
  5263 | D:4      | Reached XP level 8. HP: 43/44 MP: 10/23
  5588 | D:4      | Found a runed translucent door.
  5589 | D:4      | Noticed Crazy Yiuf
  5596 | D:4      | Killed Crazy Yiuf
  5788 | D:4      | Found Tilow's Weapon Emporium.
  6101 | D:4      | Killed NinjaNoafa's ghost
  6212 | D:4      | Reached skill level 5 in Conjurations
  6300 | D:5      | Entered Level 5 of the Dungeon
  6475 | D:5      | Reached skill level 10 in Spellcasting
  6681 | D:5      | Found a staircase to the Ecumenical Temple.
  6687 | Temple   | Entered the Ecumenical Temple
  6819 | Temple   | Became a worshipper of Vehumet
  6860 | D:5      | Noticed Duvessa
  6860 | D:5      | Noticed Dowan
  6871 | D:5      | Killed Dowan
  6883 | D:5      | Killed Duvessa
  7952 | D:6      | Reached XP level 9. HP: 48/48 MP: 20/25
  8558 | D:7      | Reached skill level 11 in Spellcasting
  8864 | D:7      | Reached skill level 5 in Fire Magic
  8941 | D:7      | Learned a level 4 spell: Flame Wave
  9028 | D:7      | Reached * piety under Vehumet
  9028 | D:7      | Offered knowledge of Foxfire by Vehumet.
  9031 | D:7      | Learned a level 1 spell: Foxfire
  9501 | D:8      | Reached skill level 12 in Spellcasting
  9636 | D:8      | Learned a level 6 spell: Iron Shot
  9638 | D:8      | You fall into a shaft and drop 2 floors!
  9638 | D:10     | Entered Level 10 of the Dungeon
  9687 | D:10     | Noticed a centaur warrior
  9698 | D:10     | Killed by miscasting Iron Shot

Illustrated notes

Levels and vault maps discovered:
D:1:      kilobyte_arrival_exit_the_forest, layout_loops_ring
D:2:      layout_loops_ring
D:3:      layout_rooms, general_overflow_altar, shapermc_ecumenical_altar_gd,
          st_stairs_3, grunt_decor_junction, minmay_misc_feat_rows,
          minmay_stone_trees_small, uniq_ijyb
D:4:      layout_loops_corners, enter_ossuary_1, serial_shops,
          nicolae_shop_bloodbath_and_beyond, gammafunk_ghost_split,
          nzn_random_ring, uniq_blork_the_orc, uniq_crazy_yiuf_cottage,
          uniq_grinder
D:5:      layout_basic, minmay_temple_entry_wispy, uniq_duvessa
D:6:      layout_gridville
D:7:      layout_basic
D:8:      layout_loops_cross, minmay_strange_pillars, grunt_decor_arrowhead
D:10:     layout_basic, kennysheep_cluttered_room
Temple:   minmay_crystal_snake_temple

Skill      XL: |  1  2  3  4  5  6  7  8  9 |
---------------+----------------------------+-----
Spellcasting   | 5 6 7 9 10 12 | 12.2
Fighting       | 1 2 3 |  3.1
Armour         | 1 2 3 |  3.0
Conjurations   | 2 3 4 5 6 |  6.8
Stealth        | 3 |  3.0
Dodging        | 3 |  3.0
Evocations     | 1 2 |  2.0
Fire Magic     | 1 2 4 5 |  5.5
Air Magic      | 1 |  1.0
Poison Magic   | 1 |  1.1
Earth Magic    | 1 |  1.5
Summonings     | |  1.1
Translocations | |  1.1

Action                   |  1- 3 |  4- 6 |  7- 9 || total
-------------------------+-------+-------+-------++-------
Melee: Staff             |    10 |    15 |       ||    25
       Short sword       |       |     2 |    16 ||    18
       Spear             |       |       |    81 ||    81
       Punch             |       |       |     2 ||     2
 Cast: Magic Dart        |   116 |   188 |   175 ||   479
       Mephitic Cloud    |     1 |     6 |    22 ||    29
       Call Imp          |       |     2 |     7 ||     9
       Blink             |       |     1 |       ||     1
       Foxfire           |       |       |    22 ||    22
       Iron Shot         |       |       |     1 ||     1
Evoke: Wand              |       |     1 |       ||     1
 Stab: Confused          |       |     1 |     9 ||    10
Armor: Robe              |     4 |       |       ||     4
       Leather armour    |     2 |    29 |    37 ||    68
Dodge: Dodged            |    22 |    55 |    58 ||   135

Table legend: (Time is in decaauts)
 A = Elapsed time spent in this place.
 B = Non-inter-level travel time spent in this place.
 C = Inter-level travel time spent in this place.
 D = Time resting spent in this place.
 E = Time spent auto-exploring this place.
 F = Levels seen in this place.
 G = Mean time per level.
                   A        B        C        D        E       F      G
               +--------+--------+--------+--------+--------+-----+--------+
         Total |   9711 |   9523 |    188 |    545 |   7398 |  11 |  882.8 |
       Dungeon |   8669 |   8493 |    176 |    390 |   6708 |   9 |  963.2 |
        Temple |    145 |    133 |     12 |      0 |    110 |   1 |  145.0 |
       Ossuary |    896 |    896 |      0 |    155 |    580 |   1 |  896.0 |
               +--------+--------+--------+--------+--------+-----+--------+

Top non-repeatable levels by time:
     D:4: 1857 daAuts
     D:1: 1467 daAuts
     D:2: 1082 daAuts
     D:5: 1045 daAuts
     D:3: 1003 daAuts
     D:7: 938 daAuts
     D:6: 938 daAuts
 Ossuary: 896 daAuts
     D:8: 276 daAuts
  Temple: 145 daAuts
    D:10: 59 daAuts
